 Dungeon Crawl Stone Soup version 0.29-a0-643-ga013cefcf8 (webtiles) character file.

Game seed: 15170227170614964942

3985 DocClef the Fighter (level 10, 0/69 HPs)
             Began as a Tengu Fighter on June 19, 2022.
             Was an Elder of Okawaru.
             Slain by a komodo dragon (3 damage)
             ... on level 9 of the Dungeon.
             The game lasted 00:11:55 (10099 turns).

DocClef the Fighter (Tengu Fighter)                Turns: 10099, Time: 00:11:56

Health: 0/69       AC: 17    Str: 16    XL:     10   Next: 22%
Magic:  10/11      EV: 21    Int:  9    God:    Okawaru [****..]
Gold:   517        SH:  6    Dex: 18    Spells: 9/9 levels left

rFire   + . .      SeeInvis .   a - +1 long sword (protect)
rCold   . . .      Faith    .   c - +0 buckler
rNeg    . . .      Spirit   .   b - +0 steam dragon scales
rPois   .          Reflect  .   (helmet restricted)
rElec   .          Harm     .   H - +0 cloak
rCorr   .          Rampage  .   u - +1 pair of gloves
Will    .....                   (boots unavailable)
Stlth   +++.......              l - amulet of the acrobat
HPRegen 0.21/turn               w - +4 ring of evasion
MPRegen 0.12/turn               y - ring of protection from fire

@: heroic, under a protective aura, flying quickly and evasively, quick
A: beak, talons 3, nimble flight
a: Renounce Religion, Heroism, Finesse


You were on level 9 of the Dungeon.
You worshipped Okawaru.
Okawaru was greatly pleased with you.
You visited 2 branches of the dungeon, and saw 10 of its levels.

You collected 517 gold pieces.

Inventory:

Hand Weapons
 a - a +1 long sword of protection (weapon)
Armour
 b - +0 steam dragon scales (worn)
 c - a +0 buckler (worn)
 u - a +1 pair of gloves (worn)
 E - a +0 plate armour
 H - a +0 cloak (worn)
Jewellery
 k - an amulet of faith
 l - an amulet of the acrobat (around neck)
 m - a ring of ice
 p - a ring of wizardry
 w - a +4 ring of evasion (left hand)
 y - a ring of protection from fire (right hand)
 J - a ring of protection from cold
Wands
 f - a wand of flame (16)
 s - a wand of charming (5)
 A - a wand of iceblast (11)
 I - a wand of digging (1)
Scrolls
 e - 6 scrolls of teleportation
 g - 3 scrolls of fear
 i - 6 scrolls of identify
 q - 2 scrolls of poison {unknown}
 z - a scroll of immolation {unknown}
 F - a scroll of blinking
 G - a scroll of summoning {unknown}
 K - a scroll of enchant armour {unknown}
Potions
 d - 3 potions of might
 h - 7 potions of curing
 j - a potion of ambrosia
 n - 2 potions of flight
 o - a potion of haste
 r - a potion of resistance
 t - a potion of invisibility
 v - 2 potions of lignification
 x - 2 potions of heal wounds
 B - a potion of brilliance
 C - a potion of attraction
 D - 3 potions of cancellation


   Skills:
 - Level 11.0(16.0) Fighting
 + Level 11.0(16.0) Long Blades
 - Level 3.2(8.2) Armour
 - Level 3.0(8.0) Shields


You had 9 spell levels left.
You didn't know any spells.
Your spell library contained the following spells:

 Spells                   Type           Power      Damage    Failure   Level
 Sandblast                Erth           0%         2d4       45%         1
 Passwall                 Tmut/Erth      0%         N/A       58%         2
 Gell's Gravitas          Tloc           0%         N/A       83%         3
 Stone Arrow              Conj/Erth      0%         3d7       83%         3
 Teleport Other           Tloc           0%         N/A       83%         3
 Olgreb's Toxic Radiance  Pois           0%         N/A       99%         4
 Dispersal                Tloc           0%         N/A       100%        6
 Ozocubu's Refrigeration  Ice            0%         4d5       100%        7
 Storm Form               Tmut/Air       0%         N/A       100%        7
 Ignition                 Fire           0%         3d3       100%        8
 Maxwell's Capacitive Co  Air            0%         ∞         100%        8
 Summon Small Mammal      Summ           Unusable   N/A       N/A         1
 Call Canine Familiar     Summ           Unusable   N/A       N/A         3
 Summon Guardian Golem    Hex/Summ       Unusable   N/A       N/A         3
 Summon Lightning Spire   Summ/Air       Unusable   N/A       N/A         4

Dungeon Overview and Level Annotations

Branches:
Dungeon (9/15)             Temple (1/1) D:5
   Lair: D:8-11         Orc: D:9-12

Altars:
Ashenzari
Cheibriados
Dithmenos
Elyvilon
Fedhas
Gozag
Hepliaklqana
Kikubaaqudgha
Makhleb
Okawaru
Ru
Uskayaw
Vehumet
Xom
Yredelemnul
Zin
The Shining One


Innate Abilities, Weirdness & Mutations

You have a beak for a mouth.
You have claws for feet.
Your magical nature lets you fly swiftly and evasively.


Message History

A komodo dragon comes into view.
A komodo dragon is nearby!
A komodo dragon is nearby!
A komodo dragon is nearby!
Things that are here:
a black bear corpse; a howler monkey corpse The komodo dragon bites you!!
You gain the combat prowess of a mighty hero.
The komodo dragon bites you!
You hit the komodo dragon.
Your weapon exudes an aura of protection.
You claw the komodo dragon, but do no damage.
The komodo dragon is lightly wounded.
The komodo dragon barely misses you.
You hit the komodo dragon but do no damage.
The komodo dragon is lightly wounded.
You closely miss the komodo dragon.
You claw the komodo dragon, but do no damage.
Your peck misses the komodo dragon.
The komodo dragon is lightly wounded.
The komodo dragon misses you.
You slash the komodo dragon! You peck the komodo dragon.
The komodo dragon is moderately wounded.
The komodo dragon misses you.
You hit the komodo dragon but do no damage.
You claw the komodo dragon!
The komodo dragon is heavily wounded.
The komodo dragon hisses menacingly.
The komodo dragon bites you.
You closely miss the komodo dragon. Your kick misses the komodo dragon.
The komodo dragon is heavily wounded.
You slash the komodo dragon!
You claw the komodo dragon, but do no damage.
The komodo dragon is severely wounded.
The komodo dragon bites you!!
* * * LOW HITPOINT WARNING * * *
You slash the komodo dragon! You claw the komodo dragon.
The komodo dragon is almost dead.
The komodo dragon bites you.
You die...

.... #....#
#..#####..<.#
#...........#
#...........###
#...............
###.......$.#####.
####P....P.....#
....?.P.P...####.
#...PP.P@††.......
.....P.lP.........
...P...P...P......
.....####...P.....
.P.P. #P...P....
... #..PP..... PP
#..P...... .
..P.P.... ....


You could see a komodo dragon.

Vanquished Creatures
  Pikel (D:5)
  Psyche (D:8)
  A wyvern (D:9)
  A steam dragon (D:8)
  Menkaure (D:4)
  4 water moccasins
  3 orc warriors
  2 ice beasts
  2 black bears
  2 centaurs (D:8)
  A kobold brigand (D:8)
  2 gnoll sergeants
  A bullfrog (D:6)
  2 scorpions
  8 killer bees
  3 howler monkeys
  A hound (D:4)
  An orc priest (D:8)
  A jelly (D:7)
  7 iguanas
  Ijyb (D:4)
  Natasha (thrice) (D:4)
  6 orc wizards
  5 adders
  9 gnolls
  2 shadow imps
  A white imp (D:5)
  An ufetubus (D:7)
  3 dart slugs
  31 orcs
  8 bats
  5 endoplasms
  5 giant cockroaches
  8 hobgoblins
  4 quokkas
  4 ball pythons
  5 frilled lizards
  5 goblins
  17 kobolds
  4 rats
172 creatures vanquished.

Vanquished Creatures (others)
  3 fungi (D:9)
  4 plants (D:9)
7 creatures vanquished.

Grand Total: 179 creatures vanquished

Notes
Turn   | Place    | Note
-------+----------+-------------------------------------------
     0 | D:1      | DocClef the Tengu Fighter began the quest for the Orb.
     0 | D:1      | Reached XP level 1. HP: 14/14 MP: 2/2
   200 | D:1      | Reached XP level 2. HP: 15/19 MP: 3/3
  1058 | D:1      | Reached XP level 3. HP: 24/24 MP: 4/4
  1122 | D:2      | Found a radiant altar of Vehumet.
  1667 | D:2      | Found a faded altar of an unknown god.
  2197 | D:3      | Reached XP level 4. HP: 30/30 MP: 5/5
  2402 | D:3      | Found a hide-covered altar of Uskayaw.
  2405 | D:3      | Found a broken altar of Ashenzari.
  2571 | D:3      | Reached skill level 5 in Fighting
  3046 | D:3      | Gained mutation: Your magical nature lets you fly swiftly
                  | and evasively. [Tengu growth]
  3046 | D:3      | Reached XP level 5. HP: 28/36 MP: 6/6
  3136 | D:3      | Found a shimmering altar of Xom.
  3423 | D:4      | Noticed Ijyb
  3440 | D:4      | Killed Ijyb
  3441 | D:4      | Reached XP level 6. HP: 37/42 MP: 7/7
  3568 | D:4      | Found an iron altar of Okawaru.
  3577 | D:4      | Became a worshipper of Warmaster Okawaru
  3643 | D:4      | Noticed Natasha
  3650 | D:4      | Killed Natasha
  3739 | D:4      | Noticed Menkaure
  3747 | D:4      | Killed Menkaure
  4038 | D:4      | Noticed Natasha
  4041 | D:4      | Killed Natasha
  4042 | D:4      | Reached XP level 7. HP: 48/48 MP: 8/8
  4393 | D:4      | Noticed Natasha
  4400 | D:4      | Killed Natasha
  4421 | D:5      | Entered Level 5 of the Dungeon
  4421 | D:5      | Found a staircase to the Ecumenical Temple.
  4473 | Temple   | Entered the Ecumenical Temple
  4714 | D:5      | Noticed Pikel
  4732 | D:5      | Killed Pikel
  4732 | D:5      | Reached * piety under Okawaru
  4732 | D:5      | Reached ** piety under Okawaru
  4733 | D:5      | Reached skill level 10 in Fighting
  4733 | D:5      | Reached XP level 8. HP: 57/57 MP: 9/9
  6455 | D:5      | Reached XP level 9. HP: 35/64 MP: 10/10
  6719 | D:6      | Reached skill level 5 in Long Blades
  6972 | D:6      | Reached *** piety under Okawaru
  8072 | D:7      | Found an ancient bone altar of Kikubaaqudgha.
  8720 | D:8      | Noticed Psyche
  8794 | D:8      | Killed Psyche
  8794 | D:8      | Reached **** piety under Okawaru
  8957 | D:8      | Found an opulent altar of Gozag.
  9003 | D:8      | Reached skill level 10 in Long Blades
  9003 | D:8      | Reached XP level 10. HP: 48/69 MP: 11/11
  9220 | D:8      | Found a glowing silver altar of Zin.
  9264 | D:8      | Found a burning altar of Makhleb.
 10098 | D:9      | HP: 3/69 [komodo dragon (22)]
 10099 | D:9      | Slain by a komodo dragon

Illustrated notes

Levels and vault maps discovered:
D:1:      minmay_arrival_doors, layout_loops_corners,
          minmay_misc_feat_four_crosses, minmay_indecisive_spiral
D:2:      layout_loops_ring, basic_ecumenical_altar, serial_co_window_serial,
          co_window_paths_b, co_window_of_opportunity_a, co_window_paths_b,
          co_window_corner_a, co_window_of_opportunity_a, co_window_broadway_c,
          co_window_broadway_b, co_window_of_opportunity_c, co_window_corner_b,
          co_window_broadway_a, co_window_broadway_b, glass_columns_a,
          basic_altar
D:3:      minmay_chambers_of_twos, layout_loops_cross,
          chequers_temple_overflow_statue_of_worship,
          lemuel_coloured_pillars_altar
D:4:      layout_basic, lemuel_crystal_altar, hangedman_abyss_or_decor_stabs,
          uniq_natasha, uniq_menkaure, uniq_ijyb
D:5:      layout_basic, minmay_temple_entry_grid,
          chequers_serial_rivers_micro_a, uniq_pikel
D:6:      layout_cave_pods
D:7:      layout_gridville, mainiacjoe_overflow_24_doors
D:8:      layout_layer_cave, pdpol_temple_overflow_zin_treasury_gozag_greed,
          overflow_temple_1_default, corexii_leaking_fountain, uniq_psyche
D:9:      layout_irregular_city, kennysheep_little_box,
          mainiacjoe_overflow_swirl, grunt_lair_entry_orc_guard_hut
Temple:   jpeg_temple_island

Skill      XL: |  1  2  3  4  5  6  7  8  9 10 |
---------------+-------------------------------+-----
Fighting       | 4 5 6 7 10 11 | 11.0
Long Blades    | 4 10 11 | 11.0
Armour         | |  3.2
Shields        | |  3.0

Action                   |  1- 3 |  4- 6 |  7- 9 | 10-12 || total
-------------------------+-------+-------+-------+-------++-------
Melee: Long sword        |    89 |   106 |   336 |    47 ||   578
       Kick              |    20 |    22 |   107 |    14 ||   163
       Peck              |    11 |    16 |    69 |     9 ||   105
Invok: Heroism           |       |       |     4 |     2 ||     6
Evoke: Wand              |       |       |     2 |       ||     2
  Use: Scroll            |     7 |       |    12 |       ||    19
Armor: Scale mail        |    40 |    53 |    57 |       ||   150
       Plate armour      |       |       |   102 |       ||   102
       Steam dragon scal |       |       |     7 |    12 ||    19
       Skin              |       |       |     3 |       ||     3
Dodge: Dodged            |    41 |    51 |   223 |    61 ||   376
Block: Buckler           |    26 |    30 |   101 |    16 ||   173

Table legend: (Time is in decaauts)
 A = Elapsed time spent in this place.
 B = Non-inter-level travel time spent in this place.
 C = Inter-level travel time spent in this place.
 D = Time resting spent in this place.
 E = Time spent auto-exploring this place.
 F = Levels seen in this place.
 G = Mean time per level.
                   A        B        C        D        E       F      G
               +--------+--------+--------+--------+--------+-----+--------+
         Total |   9784 |   9385 |    399 |    605 |   7236 |  10 |  978.4 |
       Dungeon |   9189 |   8823 |    366 |    151 |   7145 |   9 | 1021.0 |
        Temple |    595 |    562 |     33 |    454 |     91 |   1 |  595.0 |
               +--------+--------+--------+--------+--------+-----+--------+

Top non-repeatable levels by time:
     D:5: 1475 daAuts
     D:6: 1294 daAuts
     D:8: 1196 daAuts
     D:1: 1138 daAuts
     D:4: 1136 daAuts
     D:3: 1077 daAuts
     D:2: 1045 daAuts
     D:7: 779 daAuts
  Temple: 595 daAuts
     D:9: 44 daAuts
